 Dungeon Crawl Stone Soup version 0.22.1-1-ga44c0e5 (webtiles) character file.

175 Irenicus the Chopper (level 5, -14/46 HPs)
             Began as a Deep Dwarf Monk on Oct 12, 2018.
             Was a Believer of Makhleb.
             Demolished by an ogre
             ... wielding a +0 giant spiked club
              (28 damage)
             ... on level 4 of the Dungeon.
             The game lasted 00:08:34 (1267 turns).

Irenicus the Chopper (Deep Dwarf Monk)              Turns: 1267, Time: 00:08:35

Health: -14/46     AC:  3    Str: 15    XL:     5   Next: 29%
Magic:  4/4        EV: 13    Int: 10    God:    Makhleb [**....]
Gold:   117        SH:  0    Dex: 16    Spells: 4/4 levels left

rFire    + . .     SeeInvis .   p - +4 club
rCold    + + .     Gourm    .   (no shield)
rNeg     . . .     Faith    .   j - +0 leather armour
rPois    .         Spirit   .   (no helmet)
rElec    .         Reflect  .   d - scarf {rC+ rF+}
rCorr    .         Harm     .   (no gloves)
MR       .....                  (no boots)
Stlth    ++........             (no amulet)
HPRegen  0.00/turn              (no ring)
MPRegen  0.09/turn              (no ring)

@: non-regenerating
A: damage resistance, heal wounds, molten scales 1, cold resistance 1, deformed
body, sense surroundings 2, no regeneration
a: Heal Wounds, Minor Destruction, Renounce Religion


You were on level 4 of the Dungeon.
You worshipped Makhleb.
Makhleb was pleased with you.
You were hungry.

You visited 1 branch of the dungeon, and saw 4 of its levels.

You collected 117 gold pieces.

Inventory:

Hand Weapons
 a - a +0 hand axe
 l - a +1 dagger of electrocution
   (You took it off a goblin on level 2 of the Dungeon)
 n - a +0 hunting sling
   (You took it off a goblin on level 2 of the Dungeon)
 p - a +4 club (weapon)
   (You took it off Jessica on level 3 of the Dungeon)
Missiles
 g - 14 sling bullets
Armour
 d - a scarf of resistance (worn)
   (You found it on level 1 of the Dungeon)
 j - a +0 leather armour (worn)
   (You found it on level 1 of the Dungeon)
Scrolls
 e - a scroll of teleportation {unknown}
 f - a scroll of random uselessness {unknown}
 h - a scroll of blinking {unknown}
 i - a scroll of fear {unknown}
 k - a scroll of fog {unknown}
 m - 3 scrolls of identify {unknown}
 o - a scroll of amnesia {unknown}
 q - a scroll of remove curse {unknown}
Potions
 b - 3 potions of curing
 r - a potion of might {unknown}
 s - a potion of resistance {unknown}
Comestibles
 c - 9 rations


   Skills:
 - Level 2.6 Fighting
 + Level 6.7 Axes
 - Level 3.2 Dodging
 - Level 2.4 Stealth


You had 4 spell levels left.
You didn't know any spells.
Your spell library was empty.

Dungeon Overview and Level Annotations

Branches:
Dungeon (4/15)
 Temple: D:4-7

Altars:
Makhleb
Vehumet


Innate Abilities, Weirdness & Mutations

You are resistant to damage.
You can heal yourself by infusing magical energy.
You passively map the area around you.
You do not regenerate.
You are partially covered in molten scales. (AC +2)
Your flesh is cold resistant. (rC+)
Armour fits poorly on your strangely shaped body.


Message History

You closely miss the kobold. The kobold hits you.
You closely miss the kobold. The kobold closely misses you.
You hit the kobold.
You kill the kobold!
Makhleb accepts your kill.
You hit the dart slug. The dart slug bites you.
You hit the dart slug. You hit the dart slug. The dart slug closely misses you.
You hit the dart slug.
You kill the dart slug!
Makhleb accepts your kill.
You have reached level 5!
You regained 4 hp, and now have 35/46 hp.
MP restored: 4 You see here a dart slug corpse.
You butcher the dart slug corpse.
You see here 2 chunks of flesh {@w0}.
Eating one of 2 chunks of flesh {@w0}.
You eat one of the 2 chunks of flesh {@w0}.
You see here a dark potion.
r - a dark potion
Found a stone staircase leading down.
A bat comes into view.
The bat moves out of view.
You hit the bat. The bat misses you. The bat hits you but does no damage.
The bat closely misses you. The bat hits you but does no damage.
You barely miss the bat. The bat hits you but does no damage.
You barely miss the bat. The bat hits you but does no damage.
You miss the bat. The bat hits you but does no damage.
The bat hits you but does no damage.
You hit the bat.
You kill the bat!
Makhleb accepts your kill.
You see here a white potion.
s - a white potion You see here a scroll labeled IQEZOS UKHU.
m - 3 scrolls labeled IQEZOS UKHU (gained 1)
Found a stone staircase leading down.
You see here 14 gold pieces.
You now have 117 gold pieces (gained 14).
A hobgoblin comes into view. It is wielding a club.
A frilled lizard comes into view.
The hobgoblin shouts!
The frilled lizard hisses angrily.
You hit the hobgoblin. The hobgoblin hits you with a club.
You take 2 damage, and have 33/46 hp.
You hit the hobgoblin but do no damage. The hobgoblin closely misses you.
You hit the hobgoblin.
You kill the hobgoblin!
Makhleb accepts your kill. The frilled lizard closely misses you.
You see here a club.
You hit the frilled lizard.
You kill the frilled lizard!
Makhleb accepts your kill.
There is a stone staircase leading down here.
An ooze comes into view.
The helpless ooze fails to defend itself.
You hit the ooze. The ooze hits you.
You hit the ooze. The ooze hits you.
You are feeling hungry.
You sock the ooze!
You kill the ooze!
Makhleb accepts your kill.
There is a stone staircase leading down here.
You climb downwards.
There is a stone staircase leading up here.
You open the door.
There is an open door here.
Found an escape hatch in the ceiling.
A hound comes into view.
The hound barks!
You hear a shout!
You hit the hound. The hound bites you.
You hit the hound. The hound misses you. The hound closely misses you.
You hit the hound. The hound barely misses you. The hound bites you.
You hit the hound. The hound bites you.
An ogre comes into view. It is wielding a giant spiked club.
You take 1 damage, and have 32/46 hp.
You barely miss the hound. The hound closely misses you. The hound bites you.
You completely miss the hound. The hound bites you but does no damage.
The hound bites you.
You take 2 damage, and have 30/46 hp.
You hit the hound. The hound completely misses you.
You hit the hound.
You kill the hound!
Makhleb accepts your kill.
You feel better. The ogre closely misses you.
You regained 3 hp, and now have 33/46 hp.
You barely miss the ogre. You thump the ogre! The ogre completely misses you.
You sock the ogre!
The ogre hits you with a giant spiked club!
You take 12 damage, and have 21/46 hp.
MASSIVE DAMAGE!!
You hit the ogre.
The ogre hits you with a giant spiked club!
You take 7 damage, and have 14/46 hp.
You hit the ogre.
The ogre hits you with a giant spiked club!!
Ouch! That really hurt!
You die...

, * , *, , ,
* *, * ,, ,
, * * , ** ,
###, * ...
*,, ###.# ,.
* , #.O.#,
<. * , #@#
*###... * ,
#.###.....
,*,*
#####.....#
* **
#.........+
*
#.####....#*
,* ,
#.......# *
* *
#.####'## ,
, ,#,,
#..###*, * ,
* * #..#<# ,


You could see an ogre.

Vanquished Creatures
  A hound (D:4)
  Jessica (D:3)
  2 adders (D:2)
  An ooze (D:3)
  3 worms
  2 dart slugs
  3 leopard geckos
  An orc (D:3)
  12 bats
  4 giant cockroaches
  7 goblins
  5 hobgoblins
  12 jackals
  4 quokkas
  A ball python (D:2)
  6 frilled lizards
  8 kobolds
  2 rats (D:2)
75 creatures vanquished.

Vanquished Creatures (others)
  A jackal (D:2)
  A frilled lizard (D:2)
2 creatures vanquished.

Grand Total: 77 creatures vanquished

Notes
Turn   | Place    | Note
-------+----------+-------------------------------------------
     0 | D:1      | Irenicus the Deep Dwarf Monk began the quest for the Orb.
     0 | D:1      | Reached XP level 1. HP: 20/20 MP: 1/1
    99 | D:1      | Reached skill level 4 in Axes
    99 | D:1      | Reached XP level 2. HP: 24/27 MP: 2/2
   323 | D:1      | Reached XP level 3. HP: 23/33 MP: 3/3
   582 | D:2      | Reached skill level 5 in Axes
   667 | D:2      | Found a radiant altar of Vehumet.
   684 | D:2      | HP: 8/33 [jackal (1)]
   690 | D:2      | HP: 8/33 [adder (1)]
   694 | D:2      | Reached XP level 4. HP: 9/40 MP: 4/4
   964 | D:3      | Found a burning altar of Makhleb.
   972 | D:3      | Became a worshipper of Makhleb the Destroyer
   972 | D:3      | Reached * piety under Makhleb
   972 | D:3      | Reached ** piety under Makhleb
   994 | D:3      | Noticed Jessica
  1001 | D:3      | Gained mutation: Armour fits poorly on your strangely
                  | shaped body. [potion of mutation]
  1001 | D:3      | Gained mutation: You are partially covered in molten
                  | scales. (AC +2) [potion of mutation]
  1001 | D:3      | Gained mutation: You passively map the area around you.
                  | [potion of mutation]
  1001 | D:3      | Gained mutation: Your flesh is cold resistant. (rC+)
                  | [potion of mutation]
  1009 | D:3      | Killed Jessica
  1009 | D:3      | Reached skill level 6 in Axes
  1134 | D:3      | Reached XP level 5. HP: 35/46 MP: 4/4
  1258 | D:4      | Noticed an ogre
  1267 | D:4      | Demolished by an ogre

Skill      XL: |  1  2  3  4 |
---------------+-------------+-----
Axes           | 4 5 6 |  6.7
Fighting       | |  2.6
Dodging        | |  3.2
Stealth        | |  2.4

Action                   |  1- 3 |  4- 6 || total
-------------------------+-------+-------++-------
Melee: Hand axe          |   146 |    32 ||   178
       Club              |       |    45 ||    45
       Dagger            |       |     6 ||     6
Throw: Throwing net      |     1 |       ||     1
 Abil: Heal Wounds       |       |     2 ||     2
  Use: Potion            |     1 |     1 ||     2
 Stab: Sleeping          |     2 |     3 ||     5
       Held in net/web   |     1 |       ||     1
  Eat: Chunk             |       |     1 ||     1
Armor: Robe              |    25 |       ||    25
       Leather armour    |    20 |    15 ||    35
Dodge: Dodged            |   149 |    59 ||   208

Vault maps used:
D:1:      onia_arrival_pentagram, corexii_leaking_fountain
D:2:      fiery_altar_vehumet, first_ration, minmay_misc_feat_diagonals,
          minmay_lizard_pond
D:3:      bloody_makhleb, corexii_hall_statues_x, uniq_terence, uniq_jessica,
          uniq_ijyb
D:4:      lemuel_round_altar, old_standard_altar, uniq_grinder, uniq_duvessa

Table legend:
 A = Turns spent in this place as a percentage of turns spent in the entire game.
 B = Non-inter-level travel turns spent in this place as a percentage of non-inter-level travel turns spent in the entire game.
 C = Inter-level travel turns spent in this place as a percentage of turns spent in this place.
 D = Turns resting spent in this place as a percentage of non-inter-level travel turns spent in this place.
 E = Turns spent auto-exploring this place as a percentage of non-inter-level travel turns spent in this place.
 F = Non-inter-level travel turns spent in this place divided by the number of levels of this place that you've seen.
                   A       B       C       D       E      F
               +-------+-------+-------+-------+-------+----------------------
         Total | 100.0 | 100.0 |   3.1 |   0.0 |   0.0 | 307.0
       Dungeon | 100.0 | 100.0 |   3.1 |   0.0 |   0.0 | 307.0
               +-------+-------+-------+-------+-------+----------------------

Table legend:
 A = Kills in this place as a percentage of kills in entire the game.
 B = Kills by you in this place as a percentage of kills by you in the entire game.
 C = Kills by friends in this place as a percentage of kills by friends in the entire game.
 D = Other kills in this place as a percentage of other kills in the entire game.
 E = Experience gained in this place as a percentage of experience gained in the entire game.
 F = Experience gained in this place divided by the number of levels of this place that you have seen.
                   A       B       C       D       E      F
               +-------+-------+-------+-------+-------+----------------------
         Total | 100.0 | 100.0 |   N/A |   N/A | 100.0 |  62.8
       Dungeon | 100.0 | 100.0 |   N/A |   N/A | 100.0 |  62.8
               +-------+-------+-------+-------+-------+----------------------
